XFBL
ST. LOUIS CARDINALS @ CHICAGO CUBS
03/21/1982
 
TOP OF THE 1ST
St. Louis Cardinals batting - Pitching for Chicago Cubs : RHP Ray Burris
Pitching: RHP Ray Burris
Batting: SHB Otis Nixon 0-0: Ball
1-0: Ball
2-0: Ball
3-0: Base on Balls
Batting: LHB Jim Gantner 0-0: Ball
1-0: SINGLE (Groundball, 34D, EV 105.0 MPH)
Otis Nixon to second
Runner from 2nd tries for 3rd, SAFE, throw by RF made to third
Batting: RHB Sixto Lezcano 0-0: Ball
1-0: Fly out, F9 (Flyball, 89S, EV 85.6 MPH)
Batting: LHB Pat Putnam 0-0: Ball
1-0: Ball
2-0: Called Strike
2-1: Ball
3-1: Fly out, F8 (Flyball, 78D, EV 102.5 MPH)
Runner from 3rd tags up, SCORES, throw by CF
Batting: RHB Joe Torre 0-0: Ball
1-0: Foul Ball, location: 2F
1-1: Swinging Strike
1-2: Ball
2-2: SINGLE (Line Drive, 6MD, EV 100.0 MPH)
Jim Gantner to second
Runner from 2nd tries for 3rd, OUT! 8-5
Top of the 1st over - 1 run, 2 hits, 0 errors, 1 left on base; St. Louis 1 - Chicago 0
BOTTOM OF THE 1ST
Chicago Cubs batting - Pitching for St. Louis Cardinals : LHP Bob Buchanan
Pitching: LHP Bob Buchanan
Batting: LHB John Elway 0-0: Bunted foul
0-1: Ball
1-1: Ball
2-1: Foul Ball, location: 2F
2-2: Ball
3-2: SOLO HOME RUN (Flyball, 9D, EV 96.9 MPH), Distance : 423 ft
Batting: LHB Dave Bergman 0-0: Ground out 6-3 (Groundball, 6, EV 81.9 MPH)
Batting: RHB Marty Castillo 0-0: Ball
1-0: Ball
2-0: Foul Ball, location: 2F
2-1: Foul Ball, location: 2F
2-2: Ball
3-2: SINGLE (Line Drive, 7LM, EV 109.4 MPH)
Batting: LHB Johnny Grubb 0-0: Ball
1-0: Foul Ball, location: 2F
1-1: Swinging Strike
1-2: Strikes out swinging
Batting: RHB Gary Ward 0-0: Called Strike
0-1: 2-RUN HOME RUN (Flyball, 7LD, EV 99.4 MPH), Distance : 353 ft
Batting: RHB Bob Brenly 0-0: Called Strike
0-1: Fly out, F8 (Flyball, 8LM, EV 76.3 MPH)
Bottom of the 1st over - 3 runs, 3 hits, 0 errors, 0 left on base; St. Louis 1 - Chicago 3
TOP OF THE 2ND
St. Louis Cardinals batting - Pitching for Chicago Cubs : RHP Ray Burris
Batting: SHB Billy E Smith 0-0: Ball
1-0: Called Strike
1-1: Ball
2-1: Ball
3-1: Base on Balls
Batting: RHB Mookie Wilson 0-0: Ball
1-0: Fielders Choice at 2nd, 5-4 (Groundball, 56S, EV 82.5 MPH)
Batting: RHB Bob E Johnson 0-0: Ball
1-0: Fielders Choice at 2nd, 3-6 (Groundball, 34, EV 78.8 MPH)
Batting: LHB Bob Buchanan 0-0: Ground out 5-3 (Groundball, 56, EV 100.0 MPH)
Top of the 2nd over - 0 runs, 0 hits, 0 errors, 1 left on base; St. Louis 1 - Chicago 3
BOTTOM OF THE 2ND
Chicago Cubs batting - Pitching for St. Louis Cardinals : LHP Bob Buchanan
Batting: LHB Tom Lombarski 0-0: Ball
1-0: Foul Ball, location: 2F
1-1: Swinging Strike
1-2: Ball
2-2: Strikes out swinging
Batting: RHB Fran Mullins 0-0: Fly out, F7 (Flyball, 78XD, EV 78.1 MPH)
Batting: RHB Ray Burris 0-0: Ball
1-0: Foul Ball, location: 2F
1-1: Foul Ball, location: 2F
1-2: Strikes out swinging
Bottom of the 2nd over - 0 runs, 0 hits, 0 errors, 0 left on base; St. Louis 1 - Chicago 3
TOP OF THE 3RD
St. Louis Cardinals batting - Pitching for Chicago Cubs : RHP Ray Burris
Batting: SHB Otis Nixon 0-0: Called Strike
0-1: Foul Ball, location: 2F
0-2: Ball
1-2: SINGLE (Groundball, 6MS, EV 73.1 MPH) (infield hit)
Batting: LHB Jim Gantner 0-0: Ball
1-0: Foul Ball, location: 2F
1-1: Ball
2-1: Fly out, F2 (Popup, 25F, EV 81.9 MPH)
Batting: RHB Sixto Lezcano 0-0: Called Strike
0-1: Ball
1-1: Swinging Strike
1-2: Foul Ball, location: 2F
1-2: Ball
2-2: Foul Ball, location: 2F
2-2: Fly out, F9 (Flyball, 9S, EV 76.9 MPH)
Batting: LHB Pat Putnam 0-0: Ball
Otis Nixon is caught stealing 2nd base 2-6
Top of the 3rd over - 0 runs, 1 hit, 0 errors, 0 left on base; St. Louis 1 - Chicago 3
BOTTOM OF THE 3RD
Chicago Cubs batting - Pitching for St. Louis Cardinals : LHP Bob Buchanan
Batting: LHB John Elway 0-0: Ball
1-0: Called Strike
1-1: Ball
2-1: Called Strike
2-2: Ball
3-2: Foul Ball, location: 2F
3-2: Strikes out swinging
Batting: LHB Dave Bergman 0-0: Called Strike
0-1: Ground out 6-3 (Groundball, 6D, EV 96.9 MPH)
Batting: RHB Marty Castillo 0-0: Ball
1-0: Ball
2-0: Ball
3-0: Called Strike
3-1: Base on Balls
Batting: LHB Johnny Grubb 0-0: Ball
1-0: Swinging Strike
1-1: Ball
2-1: Foul Ball, location: 2F
2-2: Strikes out swinging
Bottom of the 3rd over - 0 runs, 0 hits, 0 errors, 1 left on base; St. Louis 1 - Chicago 3
TOP OF THE 4TH
St. Louis Cardinals batting - Pitching for Chicago Cubs : RHP Ray Burris
Batting: LHB Pat Putnam 0-0: Ball
1-0: Ball
2-0: Called Strike
2-1: Foul Ball, location: 2F
2-2: Ball
3-2: Ground out 5-3 (Groundball, 5, EV 98.8 MPH)
Batting: RHB Joe Torre 0-0: Ground out 5-3 (Groundball, 56, EV 91.3 MPH)
Batting: SHB Billy E Smith 0-0: Ground out 4-3 (Groundball, 4S, EV 87.5 MPH)
Top of the 4th over - 0 runs, 0 hits, 0 errors, 0 left on base; St. Louis 1 - Chicago 3
BOTTOM OF THE 4TH
Chicago Cubs batting - Pitching for St. Louis Cardinals : LHP Bob Buchanan
Batting: RHB Gary Ward 0-0: Called Strike
0-1: Ball
1-1: Ball
2-1: Ball
3-1: Called Strike
3-2: SINGLE (Flyball, 34D, EV 91.9 MPH)
Batting: RHB Bob Brenly 0-0: Foul Ball, location: 2F
0-1: Swinging Strike
0-2: Strikes out swinging
Batting: LHB Tom Lombarski 0-0: Ball
1-0: Ball
2-0: Ball
Passed Ball!
Gary Ward to second
3-0: Base on Balls
Batting: RHB Fran Mullins 0-0: SINGLE (Line Drive, 8RS, EV 89.4 MPH)
Gary Ward to third
Tom Lombarski to second
Runner from 3rd tries for Home, SAFE, throw by CF to home
Pinch Hitting: RHB Bill Madlock 0-0: Called Strike
0-1: Ball
1-1: Fly out, F8 (Flyball, 8RXD, EV 101.3 MPH)
Runner from 2nd tags up, SAFE at 3rd, no throw by CF
Batting: LHB John Elway 0-0: Called Strike
0-1: Ball
1-1: Foul Ball, location: 2F
1-2: Strikes out looking
Bottom of the 4th over - 1 run, 2 hits, 0 errors, 2 left on base; St. Louis 1 - Chicago 4
TOP OF THE 5TH
St. Louis Cardinals batting - Pitching for Chicago Cubs : RHP Ray Burris
Pitching: LHP Gil Maldonado
Batting: RHB Mookie Wilson 0-0: Called Strike
0-1: Foul Ball, location: 2F
0-2: Strikes out swinging
Batting: RHB Bob E Johnson 0-0: Called Strike
0-1: Swinging Strike
0-2: Foul Ball, location: 2F
0-2: Ball
1-2: Ball
2-2: Ball
3-2: Foul Ball, location: 2F
3-2: Strikes out looking
Pinch Hitting: RHB Pascual D'Annunzio 0-0: SINGLE (Line Drive, 4D, EV 100.0 MPH)
Batting: SHB Otis Nixon 0-0: Ball
1-0: Ball
2-0: SINGLE (Groundball, 4M, EV 102.5 MPH) (infield hit)
Pascual D'Annunzio to second
Batting: LHB Jim Gantner 0-0: DOUBLE (Line Drive, 7LS, EV 87.5 MPH)
Pascual D'Annunzio scores
Otis Nixon to third
Runner from 3rd tries for Home, SAFE, throw by LF to trailing runner, SAFE at third!
Batting: RHB Sixto Lezcano 0-0: Ball
1-0: Foul Ball, location: 2F
1-1: Called Strike
1-2: Ball
2-2: Ground out 4-3 (Groundball, 4, EV 86.3 MPH)
Top of the 5th over - 2 runs, 3 hits, 0 errors, 1 left on base; St. Louis 3 - Chicago 4
BOTTOM OF THE 5TH
Chicago Cubs batting - Pitching for St. Louis Cardinals : LHP Bob Buchanan
Pitching: RHP Andy Hawkins
Batting: LHB Dave Bergman 0-0: Fly out, F7 (Flyball, 78S, EV 91.3 MPH)
Batting: RHB Marty Castillo 0-0: Called Strike
0-1: Called Strike
0-2: Strikes out swinging
Batting: LHB Johnny Grubb 0-0: Swinging Strike
0-1: Foul Ball, location: 2F
0-2: Foul Ball, location: 2F
0-2: Ball
1-2: Strikes out swinging, 2-3 out at first.
Bottom of the 5th over - 0 runs, 0 hits, 0 errors, 0 left on base; St. Louis 3 - Chicago 4
TOP OF THE 6TH
St. Louis Cardinals batting - Pitching for Chicago Cubs : LHP Gil Maldonado
Batting: LHB Pat Putnam 0-0: Swinging Strike
0-1: Called Strike
0-2: Strikes out swinging
Batting: RHB Joe Torre 0-0: Hit by Pitch
Batting: SHB Billy E Smith 0-0: Grounds into double play, 4-6-3 (Groundball, 4, EV 86.3 MPH)
Top of the 6th over - 0 runs, 0 hits, 0 errors, 0 left on base; St. Louis 3 - Chicago 4
BOTTOM OF THE 6TH
Chicago Cubs batting - Pitching for St. Louis Cardinals : RHP Andy Hawkins
Batting: RHB Gary Ward 0-0: Ball
1-0: Foul Ball, location: 2F
1-1: Ground out 5-3 (Groundball, 5L, EV 91.9 MPH)
Batting: RHB Bob Brenly 0-0: Ball
1-0: Foul Ball, location: 2F
1-1: Ball
2-1: Swinging Strike
2-2: SINGLE (Line Drive, 78S, EV 106.9 MPH)
Batting: LHB Tom Lombarski 0-0: Ball
1-0: Foul Ball, location: 2F
1-1: Fly out, F9 (Flyball, 9LD, EV 85.0 MPH)
Batting: RHB Fran Mullins 0-0: Fielders Choice at 2nd, U4 (Groundball, 4M, EV 103.1 MPH)
Bottom of the 6th over - 0 runs, 1 hit, 0 errors, 1 left on base; St. Louis 3 - Chicago 4
TOP OF THE 7TH
St. Louis Cardinals batting - Pitching for Chicago Cubs : LHP Gil Maldonado
Batting: RHB Mookie Wilson 0-0: Swinging Strike
0-1: Ball
1-1: SINGLE (Groundball, 25, EV 75.0 MPH) (infield hit)
Batting: RHB Bob E Johnson 0-0: Ball
1-0: Foul Ball, location: 2F
1-1: Ball
2-1: Foul Ball, location: 2F
2-2: Strikes out looking
Pinch Hitting: RHB Craig Stimac 0-0: Called Strike
0-1: Ball
1-1: Fielders Choice at 2nd, 5-4 (Groundball, 56, EV 103.8 MPH)
Pinch Hitting: LHB Jim Adduci 0-0: Called Strike
0-1: Foul Ball, location: 2F
0-2: Strikes out swinging
Top of the 7th over - 0 runs, 1 hit, 0 errors, 1 left on base; St. Louis 3 - Chicago 4
BOTTOM OF THE 7TH
Chicago Cubs batting - Pitching for St. Louis Cardinals : RHP Andy Hawkins
Pitching: LHP Jeff Little
Now in RF: Jim Adduci
Pinch Hitting: RHB Randy Ready 0-0: Foul Ball, location: 2F
0-1: Ball
1-1: Ball
2-1: Called Strike
2-2: DOUBLE (Line Drive, 9LS, EV 93.8 MPH)
Pinch Hitting: LHB Dan Pasqua 0-0: Ball
1-0: Swinging Strike
1-1: Ball
2-1: Foul Ball, location: 2F
2-2: Strikes out swinging
Pinch Hitting: SHB Roy Smalley 0-0: Called Strike
0-1: Called Strike
0-2: Strikes out looking
Pinch Hitting: LHB Lee Pruitt 0-0: Ball
1-0: Called Strike
1-1: Ball
2-1: Ball
3-1: Ground out U3 (Groundball, 34, EV 108.8 MPH)
Bottom of the 7th over - 0 runs, 1 hit, 0 errors, 1 left on base; St. Louis 3 - Chicago 4
TOP OF THE 8TH
St. Louis Cardinals batting - Pitching for Chicago Cubs : LHP Gil Maldonado
Pitching: RHP Carlos Gil
Now at 1B: Gerald Perry
Now at 3B: Roy Smalley
Now in CF: Dan Pasqua
Pinch Hitting: RHB Onix Concepcion 0-0: Reached on error, E6 (Groundball, 56S, EV 62.5 MPH)
Pitching: RHP Tom Niedenfuer
Pinch Hitting: RHB Steve Lubratich 0-0: Ground out 4-3 (Groundball, 4, EV 100.0 MPH)
Onix Concepcion to third
Pinch Hitting: RHB Victor Rios 0-0: Swinging Strike
0-1: Ball
1-1: Swinging Strike
1-2: Strikes out swinging
Pinch Hitting: LHB Mark Hildebrand 0-0: Ball
1-0: Foul Ball, location: 2F
1-1: Swinging Strike
1-2: Strikes out looking
Top of the 8th over - 0 runs, 0 hits, 1 error, 1 left on base; St. Louis 3 - Chicago 4
BOTTOM OF THE 8TH
Chicago Cubs batting - Pitching for St. Louis Cardinals : LHP Jeff Little
Now at 1B: Mark Hildebrand
Now at 2B: Onix Concepcion
Now at 3B: Steve Lubratich
Now in CF: Victor Rios
Pinch Hitting: LHB Bruce Bochte 0-0: SINGLE (Line Drive, 78S, EV 91.3 MPH)
Pinch Hitting: RHB Jim Rice 0-0: Called Strike
0-1: Fly out, F8 (Flyball, 8LXD, EV 105.0 MPH)
Batting: RHB Bob Brenly 0-0: Ball
1-0: DOUBLE (Line Drive, 89M, EV 109.4 MPH)
Bruce Bochte to third
Runner from 3rd tries for Home, SAFE, throw by RF to trailing runner, SAFE at third!
Pinch Hitting: RHB Houston Jimenez 0-0: Ball
1-0: Called Strike
1-1: Foul Ball, location: 2F
1-2: Ball
2-2: Ball
3-2: Base on Balls
Pinch Hitting: RHB Willie Randolph 0-0: Foul Ball, location: 2F
0-1: Swinging Strike
0-2: Hit by Pitch
Houston Jimenez to second
Pitching: RHP Robert Arnold
Batting: LHB Gerald Perry 0-0: Foul Ball, location: 2F
0-1: Ball
1-1: Ball
2-1: Grounds into fielders choice 4-2 (Groundball, 4, EV 79.4 MPH)
Houston Jimenez to third
Willie Randolph to second
Batting: LHB Dan Pasqua 0-0: Called Strike
0-1: Ball
1-1: Called Strike
1-2: Fly out, F8 (Flyball, 8LD, EV 108.1 MPH)
Bottom of the 8th over - 1 run, 2 hits, 0 errors, 3 left on base; St. Louis 3 - Chicago 5
TOP OF THE 9TH
St. Louis Cardinals batting - Pitching for Chicago Cubs : RHP Tom Niedenfuer
Now at 2B: Willie Randolph
Now at SS: Houston Jimenez
Now in LF: Bruce Bochte
Now in CF: Jim Rice
Pinch Hitting: RHB Don Ruzek 0-0: Called Strike
0-1: Ball
1-1: Ball
2-1: Called Strike
2-2: Strikes out swinging, 2-3 out at first.
Pinch Hitting: RHB Rob Deer 0-0: Ball
1-0: Called Strike
1-1: Ball
2-1: Foul Ball, location: 2F
2-2: Foul Ball, location: 2F
2-2: Strikes out swinging
Pinch Hitting: RHB Brian Dayett 0-0: Ball
1-0: Swinging Strike
1-1: Ball
2-1: Fly out, F7 (Flyball, 8LS, EV 81.9 MPH)
Top of the 9th over - 0 runs, 0 hits, 0 errors, 0 left on base; St. Louis 3 - Chicago 5
Wednesday, July 15th, 2020 - OOTP Baseball 21.4 Build 63